 Dungeon Crawl Stone Soup version 0.30-a0-996-ga6910c8ee8 (webtiles) character file.

Game seed: 15015982814972951803

43 Maxmaps the Insei (level 3, 0/29 HPs)
             Began as a Demonspawn Monk on Apr 5, 2023.
             Slain by a worm (8 damage)
             ... on level 2 of the Dungeon.
             The game lasted 00:01:20 (1412 turns).

Maxmaps the Insei (Demonspawn Monk)                 Turns: 1412, Time: 00:01:21

Health: 0/29       AC:  2    Str: 11    XL:     3   Next: 37%
Magic:  3/3        EV: 13    Int: 13    God:
Gold:   78         SH:  0    Dex: 15    Spells: 2/2 levels left

rFire   . . .      SeeInvis .      - Unarmed
rCold   . . .      Faith    .    (no shield)
rNeg    . . .      Spirit   .    a - +0 robe
rPois   .          Reflect  .    (no helmet)
rElec   .          Rampage  .    (no cloak)
rCorr   .                        (no gloves)
Will    .....                    (no boots)
Stlth   ++                       (no amulet)
HPRegen 0.24/turn                (no ring)
MPRegen 0.08/turn                (no ring)

@: no status effects
A: sturdy frame 1
a: no special abilities


You were on level 2 of the Dungeon.
You visited 1 branch of the dungeon, and saw 2 of its levels.

You collected 78 gold pieces.

Inventory:

Missiles
 i - a throwing net (quivered)
Armour
 a - a +0 robe (worn)
Jewellery
 j - a +4 ring of protection
 m - a +6 ring of strength
Scrolls
 c - a scroll of immolation {unknown}
 d - a scroll of poison {unknown}
 f - a scroll of torment {unknown}
 g - a scroll of identify {unknown}
 l - a scroll of enchant armour {unknown}
Potions
 b - a potion of ambrosia
 e - a potion of heal wounds {unknown}
 h - a potion of curing {unknown}
 k - a potion of flight {unknown}


   Skills:
 - Level 3.0 Fighting
 + Level 2.8 Dodging
 - Level 1.7 Stealth
 - Level 4.0 Unarmed Combat


You had 2 spell levels left.
You didn't know any spells.
Your spell library contained the following spells:

 Spells                   Type           Power      Damage    Failure   Level
 Kiss of Death            Conj/Necr      0%         2d5       30%         1
 Confusing Touch          Hex            0%         N/A       67%         3
 Dispel Undead            Necr           0%         3d6       97%         4


Dungeon Overview and Level Annotations

Branches:
Dungeon (2/15)

Altars:
Kikubaaqudgha


Innate Abilities, Weirdness & Mutations

Your movements are slightly less encumbered by armour. (ER -2)


Message History

* * * LOW HITPOINT WARNING * * *
You hit the worm.
The worm is severely wounded.
The worm bites you but does no damage.
There is an open door here.
You close the door.
You start resting.
A worm is nearby!
You open the door.
There is an open door here.
There's nothing to close nearby.
Okay, then.
You close the door.
You start resting.
A worm is nearby!
You punch the worm!
The worm is moderately wounded.
You hit the worm.
The worm is heavily wounded.
The worm bites you.
You hit the worm.
The worm is severely wounded.
You barely miss the worm.
The worm is severely wounded.
The worm closely misses you.
You barely miss the worm.
The worm is severely wounded.
You hit the worm but do no damage.
The worm is severely wounded.
The worm bites you but does no damage.
You hit the worm but do no damage.
The worm is severely wounded.
The worm bites you.
* * * LOW HITPOINT WARNING * * *
You barely miss the worm.
The worm is heavily wounded.
You hit the worm.
The worm is severely wounded.
The worm bites you!
You die...

.....####.......#
.............. #..†.....#
#...# #####.....###.
.....###.# #..#### #.._..#
.....# #.# ##...†# #.....#
.....# #.# #.##w# #.....#
.†...# #.# #w##.# ##...##
.....# #.# #.##.# ###.###
(....###.######+##.#####.....#
.....'..........@w..#........#
.....####....................#
#. ######
#.........##.........# #.
#.........###........# #.
#...........#........# #.
#...........##.#.....# #.
#########...##+####†## #.
#...#........###.
#............


You could see a worm.

Vanquished Creatures
  An adder (D:2)
  A worm (D:2)
  A dart slug (D:1)
  5 bats
  2 endoplasms
  2 giant cockroaches (D:1)
  3 hobgoblins
  3 kobolds (D:1)
  2 quokkas (D:1)
  3 ball pythons
  3 frilled lizards
  4 rats
30 creatures vanquished.

Vanquished Creatures (others)
  A plant (D:1)
1 creature vanquished.

Grand Total: 31 creatures vanquished

Notes
Turn   | Place    | Note
-------+----------+-------------------------------------------
     0 | D:1      | Maxmaps the Demonspawn Monk began the quest for the Orb.
     0 | D:1      | Reached XP level 1. HP: 18/18 MP: 1/1
    79 | D:1      | Found a faded altar of an unknown god.
   132 | D:1      | Reached skill level 3 in Unarmed Combat
   217 | D:1      | Gained mutation: Your movements are slightly less
                  | encumbered by armour. (ER -2) [demonic ancestry]
   217 | D:1      | Reached XP level 2. HP: 7/24 MP: 2/2
   900 | D:2      | Reached XP level 3. HP: 9/29 MP: 3/3
  1015 | D:2      | Found an ancient bone altar of Kikubaaqudgha.
  1060 | D:2      | Reached skill level 4 in Unarmed Combat
  1412 | D:2      | Slain by a worm

Illustrated notes

Levels and vault maps discovered:
D:1:      heliophobic_arrival_ceremonial_halls, layout_loops_ring,
          dreamdust_ecumenical_altar_grove
D:2:      layout_basic, basic_altar, chequers_hall_statues_wall_a

Skill      XL: |  1  2  3 |
---------------+----------+-----
Unarmed Combat | 3 4 |  4.0
Fighting       | |  3.0
Dodging        | |  2.8
Stealth        | |  1.7

Action                     || total
---------------------------++-------
  Melee: Unarmed           ||   134
         Punch             ||     1
   Stab: Sleeping          ||     2
 Armour: Robe              ||    31
  Dodge: Dodged            ||    76

Table legend: (Time is in decaauts)
 A = Elapsed time spent in this place.
 B = Non-inter-level travel time spent in this place.
 C = Inter-level travel time spent in this place.
 D = Time resting spent in this place.
 E = Time spent auto-exploring this place.
 F = Levels seen in this place.
 G = Mean time per level.
                   A        B        C        D        E       F      G
               +--------+--------+--------+--------+--------+-----+--------+
         Total |   1403 |   1375 |     28 |    185 |    924 |   2 |  701.5 |
       Dungeon |   1403 |   1375 |     28 |    185 |    924 |   2 |  701.5 |
               +--------+--------+--------+--------+--------+-----+--------+

Top non-repeatable levels by time:
     D:1: 835 daAuts
     D:2: 568 daAuts
